[Event "44th Chess Olympiad Women 2022"]
[Site "Chennai"]
[Date "2022.07.29"]
[Round "1.27"]
[White "Stagno, Milena"]
[Black "Pavlidou, Ekaterini"]
[Result "0-1"]
[ECO "B22"]
[WhiteElo "1448"]
[BlackElo "2138"]
[Annotator "TA"]
[PlyCount "81"]
[EventDate "2022.07.29"]
[EventType "team-tourn"]
[EventCountry "IND"]
[SourceTitle "playchess.com"]
[Source "ChessBase"]
[SourceQuality "1"]
[WhiteTeam "Malta"]
[BlackTeam "Greece"]
[WhiteTeamCountry "MLT"]
[BlackTeamCountry "GRE"]
[TimeControl "40/5400+30:1800+30"]

1. e4 {[%emt 0:00:05] ChessBase II} c5 2. c3 d5 3. exd5 Qxd5 4. d4 Nc6 5. Nf3 Bg4 6. Be2 cxd4 7. cxd4 e6 8. Nc3 {[%emt 0:01:17] 8.Nc3 is better than 8.0-0.} Bb4 9. Bd2 {[%emt 0:01:11] B22: Sicilian: 2 c3.} Bxc3 10. bxc3 Nf6 11. O-O {[%emt 0:06:07] The position is equal.} O-O {[%emt 0:01:15] [#]} 12. c4 $146 ({Predecessor:} 12. Bf4 Na5 13. Qc2 Qe4 14. Qd2 Nd5 15. Bg3 Bf5 16. c4 Nb6 17. Ne5 Nc6 18. Nxc6 Qxc6 {1-0 (60) Meisch,T (1707)-Adda,O (2087) Blagny 2012 EXT 2014 [ChessBase II]}) 12... Qe4 13. Be3 Rfd8 14. Qd2 {[%emt 0:07:50] [#]} ({White should try} 14. h3 $14 Bh5 15. Qc1) 14... Qg6 ({Better is} 14... Nxd4 $1 $15 15. Bxd4 Bxf3 16. Bxf3 Qxd4) 15. h3 (15. Qb2 $11) 15... Bxh3 $1 $17 {[%emt 0:11:38][%csl Gh3][%cal Rg6g2] Black converts the advantage convincingly.} 16. Nh4 Qe4 $40 {[%emt 0:00:10][%csl LRd4,LRh4][%mdl 128] Black has strong attack.} 17. Nf3 Qg4 18. Ne1 Qg6 {[%emt 0:00:09] 0x0.0002da523278dp-1022s more active pieces. The white rooks are badly placed.} 19. Bd3 Bf5 20. Bxf5 Qxf5 ({Worse is} 20... exf5 21. Nf3) 21. Nf3 Ne4 22. Qb2 Rac8 23. Rac1 b6 24. Qb5 {[%emt 0:07:15] [#]} (24. Qc2 $17 {is a better defense.}) 24... Qxb5 $1 $19 25. cxb5 Ne7 26. Ne5 Nd5 {[%emt 0:05:06] Threatens to win with ...Nec3.} 27. Nc6 Rd7 {[%emt 0:00:45] White must now prevent ...Nec3.} 28. Nxa7 $2 (28. Rc2) 28... Rxc1 {[%emt 0:01:21] Black is clearly winning.} 29. Rxc1 {[%emt 0:00:05] [#] Threatening mate with Rc8+.} Nec3 $1 {[%emt 0:00:37] ...Ne2+ is the strong threat.} 30. Nc6 Ne2+ {[%emt 0:00:09] Pair of Knights!} 31. Kf1 Nxc1 32. Bxc1 {[%emt 0:00:04][%mdl 4096] Endgame KRN-KBN} Nc3 33. Be3 Nxb5 34. Ne5 Ra7 35. Nc4 Nc3 36. Nxb6 Rxa2 {[%emt 0:00:11] ( -> ...Ra1+)} 37. Kg1 Nd1 38. Nc4 Rc2 39. Nd6 f5 40. Kf1 f4 41. Ke1 {[%emt 0:33:30] Weighted Error Value: White=0.48/Black=0.08 (flawless)} 0-1

[Event "44th Chess Olympiad Women 2022"]
[Site "Chennai"]
[Date "2022.07.29"]
[Round "1.28"]
[White "Bayarmaa, Bayarjargal"]
[Black "Al Aisaee, Anat"]
[Result "1-0"]
[ECO "D59"]
[WhiteElo "2171"]
[BlackElo "1681"]
[Annotator "TA"]
[PlyCount "73"]
[EventDate "2022.07.29"]
[EventType "team-tourn"]
[EventCountry "IND"]
[SourceTitle "playchess.com"]
[Source "ChessBase"]
[SourceQuality "1"]
[WhiteTeam "Mongolia"]
[BlackTeam "OMA"]
[WhiteTeamCountry "MGL"]
[TimeControl "40/5400+30:1800+30"]

1. d4 d5 2. c4 e6 3. Nc3 Nf6 4. Bg5 Be7 5. Nf3 h6 6. Bh4 O-O 7. e3 b6 8. cxd5 Nxd5 9. Bxe7 Qxe7 10. Nxd5 exd5 11. Rc1 Be6 {[%emt 0:02:44] D59: Queen's Gambit Declined: Tartakower Defence: Main line (8 cxd5 Nxd5).} 12. Qc2 {[%emt 0:03:36] 12.Qb3 is the modern continuation.} Rc8 13. Bd3 c5 {[%emt 0:05:56] The position is equal.} 14. Qd2 Nd7 15. O-O c4 16. Bb1 {[%emt 0:03:16] [#]} Nf6 $146 ({Predecessor:} 16... b5 17. Qc2 Nf6 18. Nd2 b4 {0-1 (18) Eggenberger,S (1965)-Siegel,G (2475) Graechen 1999}) 17. Ne5 Qb7 18. f3 b5 19. g4 Rc7 (19... Nd7 $11 {was preferrable.}) 20. Kh1 (20. h4 $14) 20... g5 $2 (20... Nd7 $11 {and Black is okay.}) 21. h4 {[%emt 0:09:21] Black must now prevent hxg5.} Nd7 22. Nxd7 (22. Qc2 $6 Nf8 $16) 22... Rxd7 23. Qc2 Kf8 (23... f6 {might work better.} 24. Qg6+ Rg7 25. Qxh6 (25. Qxf6 Qe7 $16) 25... Qe7) 24. Qh7 $18 Ke7 25. Qxh6 gxh4 26. Qxh4+ (26. f4 $18 {aiming for f5.} Qb8 27. g5) 26... Kd6 $16 27. Qf6 {[%emt 0:00:32] [#] Hoping for f4.} Rdd8 28. Kg2 {[%emt 0:00:30] White is more active.} Qa6 $2 (28... Qe7 $16 29. Qe5+ Kc6) 29. Rf2 ({Much less strong is} 29. Bf5 $6 Kc7 30. a3 (30. Qe7+ Rd7 $16) 30... Rd7 $16) (29. f4 $18) 29... Rh8 $2 {[%emt 0:00:32] Black cannot hold the game after this.} (29... Kc7 $16 {keeps fighting.} 30. Rh1 (30. Qe7+ Rd7 $16) 30... Qd6) 30. e4 {[%emt 0:00:59] The board is on fire.} (30. Rh1 Rxh1 31. Kxh1 Qa5 $16) (30. f4 $142) 30... Qb7 $2 (30... Kc7 31. Qe7+ (31. exd5 Qd6 $14) 31... Bd7) 31. exd5 $18 ({Not} 31. Rh1 Rxh1 32. Kxh1 Kc7 $16) 31... Qxd5 32. Be4 Qxe4 33. fxe4 Rag8 34. Rf4 {[%emt 0:04:00] [#] d5 is the strong threat.} Kd7 35. Kg3 {[%emt 0:00:34] d5 would kill now.} Rh7 36. d5 Rg6 37. dxe6+ {[%emt 0:00:08] Weighted Error Value: White=0.32/Black=0.86} 1-0

[Event "44th Chess Olympiad Women 2022"]
[Site "Chennai"]
[Date "2022.07.29"]
[Round "1.28"]
[White "Mungunzul, Bat-Erdene"]
[Black "Al Balushi, Mariya"]
[Result "1-0"]
[ECO "D55"]
[WhiteElo "2163"]
[BlackElo "1660"]
[Annotator "TA"]
[PlyCount "89"]
[EventDate "2022.07.29"]
[EventType "team-tourn"]
[EventCountry "IND"]
[SourceTitle "playchess.com"]
[Source "ChessBase"]
[SourceQuality "1"]
[WhiteTeam "Mongolia"]
[BlackTeam "OMA"]
[WhiteTeamCountry "MGL"]
[TimeControl "40/5400+30:1800+30"]

1. d4 d5 2. c4 e6 3. Nc3 Nf6 4. Bg5 Be7 5. Nf3 O-O 6. e3 c5 7. Be2 {[%emt 0:05:02] D55: Queen's Gambit Declined: 4 Bg5 Be7: Lines without ...h6 and 6...h6 7 Bxf6.} h6 8. Bh4 Nbd7 9. O-O {[%emt 0:04:01] White has an edge.} b6 10. cxd5 Nxd5 11. Bxe7 Qxe7 (11... Nxe7 {with more complications.} 12. Qc2 Bb7 13. dxc5 Nxc5 14. b4 Nd7) 12. Nxd5 exd5 13. dxc5 {[%emt 0:00:27] [#]} Nxc5 $146 ({Predecessor:} 13... Qxc5 14. Rc1 Qa5 15. b4 Qxb4 16. Qxd5 Rb8 17. Rxc8 Rbxc8 18. Qxd7 Qa5 19. Bd3 Qxa2 {1-0 (53) Garkauskas,O (1993)-Faria,M (1773) Itu 2010}) 14. Qxd5 Bb7 15. Qe5 Qxe5 16. Nxe5 Rad8 17. Rfd1 {[%emt 0:06:29] Inhibits Rd2.} Na4 18. Rxd8 Rxd8 19. b3 Nc3 20. Bc4 Bd5 21. Bf1 Be4 22. f3 Bb1 23. a4 Rd1 24. Nc4 (24. h4 $16) 24... Bc2 $1 $11 25. Rxd1 Nxd1 {[%emt 0:00:05][%mdl 4096] Endgame KBN-KBN} 26. Nd2 Nxe3 27. Kf2 (27. Be2 $11 {keeps the balance.}) 27... Nf5 $2 {[%emt 0:00:43] [#]} ({Black should play} 27... Nxf1 $17 28. Kxf1 f5) 28. Bc4 Kf8 29. g4 Nd6 30. Bd5 Ke7 31. Ke3 f5 32. Kd4 fxg4 33. fxg4 Bd1 34. h3 Kf6 35. Nf1 Kg5 36. Ke5 Ne8 37. Ne3 Kh4 $2 {[%emt 0:00:46][%mdl 8192] Black cannot hold the game after this.} 38. Nxd1 $18 Kxh3 39. Be6 Kh4 40. Ne3 {[%emt 0:00:16] [#] Threatens to win with Nd5.} Nc7 41. Bc8 Ne8 42. Nd5 Kg5 43. Bd7 Nf6 44. Nxf6 gxf6+ 45. Ke4 {[%emt 0:00:24] Weighted Error Value: White=0.18 (very precise) /Black=0.56} (45. Kd6 $142 Kf4 46. Kc7 Ke5 47. Kb7 a5 48. Kxb6 Kd6 49. Bb5 Ke5 50. Kxa5) 1-0

[Event "44th Chess Olympiad Women 2022"]
[Site "Chennai"]
[Date "2022.07.29"]
[Round "1.28"]
[White "Al Ghafri, Alanoud"]
[Black "Munkhzul, Turmunkh"]
[Result "0-1"]
[ECO "B50"]
[WhiteElo "1259"]
[BlackElo "2277"]
[Annotator "TA"]
[PlyCount "58"]
[EventDate "2022.07.29"]
[EventType "team-tourn"]
[EventCountry "IND"]
[SourceTitle "playchess.com"]
[Source "ChessBase"]
[SourceQuality "1"]
[WhiteTeam "OMA"]
[BlackTeam "Mongolia"]
[BlackTeamCountry "MGL"]
[TimeControl "40/5400+30:1800+30"]

1. e4 c5 2. b3 d6 3. Nf3 Nf6 4. Nc3 g6 5. Bd3 Bg7 6. O-O {[%emt 0:02:06] B50: Sicilian: 2...d6, Miscellaneous.} O-O 7. h3 Nc6 8. Bb2 {[%emt 0:02:33] [#] Black is slightly better.} Nh5 $146 ({Predecessor:} 8... e5 9. Bc4 Nh5 10. Nd5 Ne7 11. b4 b6 12. a4 Nxd5 13. Bxd5 Rb8 14. b5 Nf4 {1-0 (45) Hammer,J (2652)-Mustaps,M (2362) Chess.com INT 2019}) 9. Rb1 e5 10. Ne2 (10. Re1 $11) 10... Nb4 ({Black should play} 10... f5 $17 {...fxe4 is the strong threat.} 11. exf5 (11. Bc4+ Kh8 $17) 11... Bxf5 12. Bxf5 Rxf5) 11. Bc4 $11 Be6 12. Bxe6 fxe6 13. a3 Nc6 14. d3 Qe7 (14... Rxf3 $5 15. gxf3 Qg5+ 16. Kh2 Qh4 $11) 15. Qd2 {[%emt 0:02:06] [#]} (15. Bc1 $11) 15... Nf4 (15... Rxf3 $1 $17 16. gxf3 Qh4) 16. Nxf4 Rxf4 17. Qe2 (17. b4 {keeps more tension.} Rxf3 18. gxf3 Qh4 19. f4) 17... Raf8 18. Bc1 $2 {[%emt 0:07:01] [#]} (18. c3 $11) 18... Rxf3 $1 $19 19. gxf3 Nd4 20. Qe3 (20. Qd1) 20... Rf4 {[%emt 0:02:19][%mdl 64] White must now prevent ...Qg5+. Deflection} 21. Qxf4 exf4 22. Bxf4 Ne2+ 23. Kh2 Nxf4 24. Rg1 Be5 {[%emt 0:00:13] ( -> ...Qh4)} 25. Kh1 Qh4 {[%emt 0:00:21][%cal Rh4h3] Black mates.} 26. Rg2 Qxh3+ 27. Rh2 Qxf3+ 28. Kg1 Ne2+ 29. Kf1 Bxh2 {[%emt 0:00:09] Weighted Error Value: White=1.13/Black=0.31} 0-1

[Event "44th Chess Olympiad Women 2022"]
[Site "Chennai"]
[Date "2022.07.29"]
[Round "1.29"]
[White "Heinatz, Gundula"]
[Black "Vilhete, Vania Fausto Da T."]
[Result "1-0"]
[WhiteElo "2196"]
[BlackElo "1701"]
[Annotator "TA"]
[PlyCount "43"]
[EventDate "2022.07.29"]
[EventType "team-tourn"]
[EventCountry "IND"]
[SourceTitle "playchess.com"]
[Source "ChessBase"]
[SourceQuality "1"]
[WhiteTeam "Switzerland"]
[BlackTeam "Mozambique"]
[WhiteTeamCountry "SUI"]
[BlackTeamCountry "MOZ"]
[TimeControl "40/5400+30:1800+30"]

1. d4 d5 2. Nf3 e6 3. g3 Nf6 4. Bg2 c5 5. O-O Nc6 6. c4 dxc4 {[%emt 0:03:06] The main line 6...dxc4 scores better than 6...Be7.} 7. Ne5 {[%emt 0:01:14][%mdl 32768] [#] Loss on time!?} {Predecessor:} Bd7 $146 {E04: Open Catalan: 5 Nf3.} 8. Nxc4 cxd4 9. Bf4 Nd5 10. Nd6+ Bxd6 11. Bxd6 Nde7 12. Nd2 O-O 13. Qb3 b6 14. Rac1 Rc8 15. Nc4 Re8 16. Ba3 Nf5 17. g4 b5 18. Nd6 Nxd6 19. Bxd6 Na5 20. Qg3 Nc4 21. b3 Nxd6 22. Qxd6 {0-1 (30) Gelfand,B (2668)-Anand,V (2756) Leon 2022} 1-0

[Event "44th Chess Olympiad Women 2022"]
[Site "Chennai"]
[Date "2022.07.29"]
[Round "1.29"]
[White "De Seroux, Camille"]
[Black "Naira Sinoia"]
[Result "1-0"]
[ECO "C41"]
[WhiteElo "2106"]
[BlackElo "1116"]
[Annotator "TA"]
[PlyCount "55"]
[EventDate "2022.07.29"]
[EventType "team-tourn"]
[EventCountry "IND"]
[SourceTitle "playchess.com"]
[Source "ChessBase"]
[SourceQuality "1"]
[WhiteTeam "Switzerland"]
[BlackTeam "Mozambique"]
[WhiteTeamCountry "SUI"]
[BlackTeamCountry "MOZ"]
[TimeControl "40/5400+30:1800+30"]

1. e4 e5 2. Nf3 d6 3. d4 exd4 4. Nxd4 Nf6 5. Nc3 c5 {[%emt 0:01:19] [#]} ({Black should try} 5... Be7 $14) 6. Nf3 {[%emt 0:00:58] C41: Philidor Defence.} (6. Bb5+ $1 $16 Nbd7 7. Nf5) 6... Nc6 $14 7. Bc4 Be7 8. O-O {[%emt 0:00:22] White is slightly better.} O-O 9. h3 Na5 10. Be2 Be6 {[%emt 0:00:15] [#]} 11. Bf4 $146 ({Predecessor:} 11. Ng5 Bd7 12. a3 h6 13. Nf3 Be6 14. Re1 d5 15. exd5 Nxd5 16. Nxd5 Bxd5 17. Bd2 {1-0 (49) Mosenya,N (2041)-Mulenga,P (2146) Lusaka 2017}) 11... Qb6 12. b3 Rfd8 (12... Nc6 $14) 13. Nd5 $16 Nxd5 14. exd5 Bf5 (14... Bd7 $16 15. Bd3 Re8) 15. Qd2 (15. c3 $18) 15... Qc7 16. Rad1 b6 17. Rfe1 Nb7 18. Bb5 a6 19. Bc6 Rab8 20. Bg5 {[%emt 0:04:52] 0x0.0024d77bbbc5dp-1022s more active pieces. The black rooks are badly placed.} Bxg5 {[%emt 0:01:30] A mistake that costs the game.} ({Better is} 20... f6 $1 $14) 21. Qxg5 $18 ({Weaker is} 21. Nxg5 Bg6 $11) 21... Bxc2 22. Re7 Qc8 (22... h6 $2 23. Rxc7 hxg5 24. Rd2 $18) 23. Rd2 h6 24. Qh4 g5 (24... Bg6 $142 25. Bxb7 Qf5 26. Bxa6 b5) 25. Qxh6 Bg6 26. Nxg5 {[%emt 0:00:56][%cal Oe7f7] Rxf7! would kill now.} Rf8 {[%emt 0:01:33] [#]} 27. Ne6 $1 Na5 (27... Qxe6 28. dxe6) 28. Qg7# {[%emt 0:00:41] Weighted Error Value: White=0.18 (very precise) /Black=0.74} 1-0

[Event "44th Chess Olympiad Women 2022"]
[Site "Chennai"]
[Date "2022.07.29"]
[Round "1.29"]
[White "Sitoe, Cheila Andre"]
[Black "Stoeri, Laura"]
[Result "1-0"]
[WhiteElo "1574"]
[BlackElo "2084"]
[Annotator "TA"]
[PlyCount "31"]
[EventDate "2022.07.29"]
[EventType "team-tourn"]
[EventCountry "IND"]
[SourceTitle "playchess.com"]
[Source "ChessBase"]
[SourceQuality "1"]
[WhiteTeam "Mozambique"]
[BlackTeam "Switzerland"]
[WhiteTeamCountry "MOZ"]
[BlackTeamCountry "SUI"]
[TimeControl "40/5400+30:1800+30"]

1. e4 e5 2. Nf3 Nc6 3. Bc4 Nf6 4. d3 Be7 5. O-O O-O 6. Bg5 d6 7. h3 Na5 {[%emt 0:05:11] C55: Two Knights: 4 d3, 4 d4 exd4 5 e5 and Max Lange Attack.} 8. Nbd2 a6 {[%emt 0:01:29][%mdl 32768] [#] An uneventful encounter. Loss on time!?} {Predecessor:} 9. a3 $146 Nxc4 10. Nxc4 Be6 11. Ne3 Qd7 12. Nh2 h6 13. Bh4 Rae8 14. Qf3 Bd8 15. Nf5 Bxf5 16. exf5 {0-1 (47) Saraci,K (1919)-Seitaj,I (2354) Pristina 2019} 1-0

[Event "44th Chess Olympiad Women 2022"]
[Site "Chennai"]
[Date "2022.07.29"]
[Round "1.29"]
[White "Castro, Neusa Aridas De"]
[Black "Hakimifard, Ghazal"]
[Result "1-0"]
[WhiteElo "1531"]
[BlackElo "2296"]
[Annotator "TA"]
[PlyCount "34"]
[EventDate "2022.07.29"]
[EventType "team-tourn"]
[EventCountry "IND"]
[SourceTitle "playchess.com"]
[Source "ChessBase"]
[SourceQuality "1"]
[WhiteTeam "Mozambique"]
[BlackTeam "Switzerland"]
[WhiteTeamCountry "MOZ"]
[BlackTeamCountry "SUI"]
[TimeControl "40/5400+30:1800+30"]

1. e4 c5 2. Nf3 e6 3. Bc4 a6 4. d3 b5 5. Bb3 Bb7 {[%emt 0:00:08] The position is equal.} 6. c3 {[%emt 0:01:46] B40: Sicilian: 2...e6, Unusual lines.} d6 7. Be3 Nf6 8. O-O Be7 9. Nbd2 O-O 10. Re1 Nbd7 11. Bc2 {[%emt 0:00:11][%mdl 32768] [#] Not much happened in this game.  Weighted Error Value: White=0.00 (flawless) /Black=0.00 (flawless) . Loss on time!?} {Predecessor:} Rc8 $146 12. Bg5 h6 13. Bh4 Nh5 14. Bxe7 Qxe7 15. Ne5 Ndf6 16. Ng4 e5 17. Nxf6+ Nxf6 {0-1 (69) Van Hall,D-De Winter,G Vlissingen 1999} 1-0

[Event "44th Chess Olympiad Women 2022"]
[Site "Chennai"]
[Date "2022.07.29"]
[Round "1.30"]
[White "Sinitsina, Anastassia"]
[Black "Eman Sawan"]
[Result "1-0"]
[ECO "B99"]
[WhiteElo "2175"]
[BlackElo "1847"]
[Annotator "TA"]
[PlyCount "75"]
[EventDate "2022.07.29"]
[EventType "team-tourn"]
[EventCountry "IND"]
[SourceTitle "playchess.com"]
[Source "ChessBase"]
[SourceQuality "1"]
[WhiteTeam "Estonia"]
[BlackTeam "Palestine"]
[WhiteTeamCountry "EST"]
[BlackTeamCountry "PLE"]
[TimeControl "40/5400+30:1800+30"]

1. e4 c5 2. Nf3 d6 3. d4 cxd4 4. Nxd4 Nf6 5. Nc3 a6 6. Bg5 e6 7. f4 Be7 8. Qf3 Qc7 9. O-O-O Nbd7 10. g4 b5 11. a3 Bb7 12. Bxf6 Nxf6 13. g5 Nd7 14. h4 {[%emt 0:04:35] B99: Sicilian Najdorf: 6 Bg5 e6 7 f4 Be7 8 Qf3 Qc7 9 0-0-0 Nbd7.} Rc8 15. Rh2 (15. Bh3 $14) 15... Qb6 ({Black should play} 15... d5 $11) 16. f5 $14 {[%emt 0:10:29] White is slightly better.} e5 17. Nb3 {[%emt 0:02:41] [#]} b4 $146 ({Predecessor:} 17... Bc6 18. Nd5 Bxd5 19. Rxd5 Qc7 20. Rhd2 h6 21. Qh5 Nb6 22. R5d3 Nc4 23. Rg2 Qc6 {½-½ (31) Malec,R (1789)-Rykala,M (1641) Polanica Zdroj 2008}) 18. axb4 Qxb4 19. f6 (19. Kb1 $14) 19... gxf6 $11 20. Bh3 Rc4 (20... fxg5 $11 21. Bxd7+ Kxd7) 21. Bxd7+ $16 Kxd7 22. gxf6 Bf8 23. Qh5 $36 {[%emt 0:02:49][%mdl 2048] Keeping Black busy. Dancing on a razor blade. 0x0.0024d783c2b2dp-1022s more active pieces.} Ke8 24. Rhd2 Qb6 (24... Bxe4 $2 25. Qxe5+ $3 Kd8 26. Nxe4 Rxe4 27. Qd5 $18) 25. Rd3 a5 $2 {[%emt 0:03:01] This move loses the game for Black.} (25... Bxe4 $2 26. Nxe4 Rxe4 27. Rc3 $18) (25... Rg8 $16 {keeps fighting.}) 26. Nd2 $18 Rd4 (26... Rc8 $142 27. Nf3 Qd8) 27. Nf3 {[%emt 0:01:38] aiming for Nxe5.} Rxd3 28. Rxd3 Qf2 29. Nd1 Qg3 (29... Qe2 $142 30. Rc3 Qxe4) 30. Rb3 Qf4+ 31. Kb1 Qxe4 32. Ng5 $1 Qd5 33. Ne3 {[%emt 0:01:23] White mates.} Qh1+ {[%emt 0:00:57] [#]} 34. Ka2 $1 Bd5 35. c4 Bxc4 36. Nxc4 Qd5 37. Rb8+ Kd7 38. Qg4+ {[%emt 0:00:03] Weighted Error Value: White=0.12 (very precise) /Black=0.71} 1-0

[Event "44th Chess Olympiad Women 2022"]
[Site "Chennai"]
[Date "2022.07.29"]
[Round "1.30"]
[White "Heba, Assi"]
[Black "Olde, Margareth"]
[Result "0-1"]
[ECO "D05"]
[WhiteElo "1449"]
[BlackElo "2235"]
[Annotator "TA"]
[PlyCount "33"]
[EventDate "2022.07.29"]
[EventType "team-tourn"]
[EventCountry "IND"]
[SourceTitle "playchess.com"]
[Source "ChessBase"]
[SourceQuality "1"]
[WhiteTeam "Palestine"]
[BlackTeam "Estonia"]
[WhiteTeamCountry "PLE"]
[BlackTeamCountry "EST"]
[TimeControl "40/5400+30:1800+30"]

1. d4 Nf6 2. Nf3 e6 3. e3 c5 4. b3 cxd4 5. exd4 d5 6. Bb2 Bd6 7. Bd3 Nc6 8. a3 O-O 9. O-O {[%emt 0:00:35] The position is equal.} b6 {[%emt 0:00:13] D05: Colle System with ...e6.} 10. Nbd2 Bb7 11. Ne5 Rc8 {[%emt 0:01:32][%mdl 32768] [#] An uneventful encounter.  Weighted Error Value: White=0.03 (flawless) /Black=0.00 (flawless) . Loss on time!? 11...Ne7 is more advanced technology.} {Predecessor:} 12. Re1 $146 Ne7 13. Qe2 Ng6 14. g3 b5 15. Rac1 a6 16. b4 Bxe5 17. dxe5 {1-0 (61) So,W (2815)-Carlsen,M (2832) Chess.com INT 2017} 0-1

[Event "44th Chess Olympiad Women 2022"]
[Site "Chennai"]
[Date "2022.07.29"]
[Round "1.30"]
[White "Taqwa, Hamouri"]
[Black "Narva, Triin"]
[Result "0-1"]
[ECO "B01"]
[WhiteElo "1214"]
[BlackElo "2066"]
[Annotator "TA"]
[PlyCount "58"]
[EventDate "2022.07.29"]
[EventType "team-tourn"]
[EventCountry "IND"]
[SourceTitle "playchess.com"]
[Source "ChessBase"]
[SourceQuality "1"]
[WhiteTeam "Palestine"]
[BlackTeam "Estonia"]
[WhiteTeamCountry "PLE"]
[BlackTeamCountry "EST"]
[TimeControl "40/5400+30:1800+30"]

1. e4 d5 2. exd5 Qxd5 3. Nc3 Qd6 4. d4 Nf6 5. Nf3 Nc6 6. h3 {[%emt 0:07:19] Against Bg4. B01: Scandinavian Defence.} Bf5 7. Bd3 Bg6 8. Be3 {[%emt 0:17:53] White is better.} e6 {[%emt 0:05:03] [#]} 9. Bxg6 $146 ({Predecessor:} 9. Qd2 O-O-O 10. O-O-O Nd5 11. Bxg6 hxg6 12. Nxd5 Qxd5 13. Kb1 Be7 14. a3 Qb5 15. Qd3 {0-1 (57) Akbari,D (1191)-Looni,A (1647) Chess.com INT 2021}) 9... hxg6 10. a3 O-O-O 11. Nb5 (11. Qe2 $14) 11... Qd5 $11 12. Qd3 a6 13. Nc3 Qa5 14. O-O Qh5 15. Ne2 Bd6 (15... Qf5 $11) 16. c4 Ng4 {[%emt 0:13:32] [#]} 17. c5 ({Better is} 17. b4 $1 $16) 17... Nxe3 18. Qxe3 Be7 19. b4 g5 20. Ng3 Qg6 21. Rfe1 (21. Ne5 $11 Nxe5 22. dxe5) 21... Bf6 $17 {[%emt 0:02:27] And now ...g4 would win.} 22. Ne5 (22. Rad1 $17) 22... Bxe5 $19 23. dxe5 Nd4 {[%emt 0:00:36] White must now prevent ...Nc2.} 24. Qc3 (24. Rac1 $17 {was called for.}) 24... Nc2 25. c6 {[%emt 0:01:10] [#]} Qd3 ({Inferior is} 25... Nxa1 26. cxb7+ Kb8 27. Ne4 $11) ({Black should play} 25... b6 $1 $19 26. Qc4 b5) 26. cxb7+ Kxb7 27. Qc5 Nxa1 {[%emt 0:00:23] Active counter play!} ({And not} 27... Nxe1 28. Rxe1 Rd5 29. Ne4 $17) 28. Rxa1 Qd4 29. Qc2 $2 (29. Rc1 Qxc5 30. Rxc5) 29... Qxa1+ {[%emt 0:00:06] Weighted Error Value: White=0.81/Black=0.28 (precise)} 0-1

[Event "44th Chess Olympiad Women 2022"]
[Site "Chennai"]
[Date "2022.07.29"]
[Round "1.31"]
[White "Caballero Quijano, Mitzy Mishell"]
[Black "Wilson, Hannah"]
[Result "1-0"]
[ECO "D05"]
[WhiteElo "2035"]
[BlackElo "1556"]
[Annotator "TA"]
[PlyCount "57"]
[EventDate "2022.07.29"]
[EventType "team-tourn"]
[EventCountry "IND"]
[SourceTitle "playchess.com"]
[Source "ChessBase"]
[SourceQuality "1"]
[WhiteTeam "Peru"]
[BlackTeam "Barbados"]
[WhiteTeamCountry "PER"]
[BlackTeamCountry "BAR"]
[TimeControl "40/5400+30:1800+30"]

1. d4 Nf6 2. Nf3 e6 3. e3 d5 4. Bd3 c5 5. b3 Nc6 6. Nbd2 cxd4 7. exd4 Bd6 8. Bb2 O-O 9. O-O Bd7 {[%emt 0:11:47] D05: Colle System with ...e6.} 10. a3 a5 11. Ne5 {[%emt 0:00:16] [#]} Qc7 $146 {[%emt 0:04:40][%cal Rc6e5] White has an edge.} ({Predecessor:} 11... Rc8 12. f4 Qb6 13. Ndf3 a4 14. b4 Ne4 15. Nxd7 Qc7 16. Nxf8 {1-0 (16) Kettl,H (1557)-Halfmeier,H (1663) GER email 2012}) 12. f4 Rfb8 13. Qf3 b5 14. Qh3 b4 15. a4 Qa7 (15... Ne7 $142) 16. Ndf3 {[%emt 0:00:28] 0x0.0020ae5f0de4dp-1022s more active pieces.} h6 {[%emt 0:10:50] Inhibits Ng5.} (16... Bxe5 $16 17. fxe5 (17. Nxe5 Ne7 $14) 17... Ne4) 17. g4 $1 $18 {[%emt 0:02:58] Black must now prevent g5.} Ne4 18. g5 Nxg5 (18... Nxe5 {is more resistant.} 19. fxe5 Be7) 19. fxg5 Bxe5 (19... Nxe5 20. Nxe5 Bxe5) 20. Nxe5 $2 (20. gxh6 f5 21. Kh1 (21. Nxe5 Nxe5 22. Qg3 Ng4 $18)) 20... Nxe5 21. gxh6 {[%emt 0:00:04] Threatens to win with Qg3.} Nxd3 $2 {[%emt 0:04:07] [#]} (21... f5 22. Qg3 Ng4) 22. cxd3 $2 $40 {[%emt 0:00:29][%mdl 128] White wants a kill.} (22. Qg3 $1 g6 {[#]} (22... Kf8 23. h7) 23. Qg5 $1) 22... gxh6 (22... f5 $18 23. Kh1 (23. hxg7 Kxg7 24. Qh4 Be8 $18) 23... g6) 23. Rf6 (23. Qxh6 $142 Rb6 24. Kh1 e5 25. Rg1+ Bg4 26. Rxg4+ Rg6 27. Rag1 Qa6 28. Rxg6+ fxg6 29. Rxg6+ Qxg6 30. Qxg6+ Kf8 31. dxe5) 23... Kf8 24. Raf1 {[%emt 0:00:32] White mates.} Ke7 25. Rxf7+ Kd6 26. Qg3+ Kc6 27. Rc1+ Kb6 28. Qd6+ Kb7 29. Rxd7# {[%emt 0:01:04] Weighted Error Value: White=0.82/Black=1.16} 1-0